 Dungeon Crawl Stone Soup version 0.28-a0-1080-g05a166d0ed (webtiles) character file.

Game seed: 14073590291436325451

0 meatgazer the Skirmisher (level 1, -8/18 HPs)
             Began as a Demonspawn Abyssal Knight on Dec 9, 2021.
             Was a Follower of Lugonu.
             Mangled by a tentacled starspawn (9 damage)
             ... on level 3 of the Abyss.
             The game lasted 00:00:39 (108 turns).

meatgazer the Skirmisher (Demonspawn Abyssal Knight) Turns: 108, Time: 00:00:41

Health: -8/18      AC:  3    Str: 13    XL:     1   Next: 0%
Magic:  2/2        EV:  8    Int: 11    God:    Lugonu [*.....]
Gold:   29         SH:  0    Dex: 13    Spells: 0/0 levels left

rFire   . . .      SeeInvis .   a - +1 falchion
rCold   . . .      Faith    .   (no shield)
rNeg    . . .      Spirit   .   b - +0 leather armour
rPois   .          Reflect  .   (no helmet)
rElec   .          Harm     .   (no cloak)
rCorr   .          Rampage  .   (no gloves)
Will    .....                   (no boots)
Stlth   +.........              (no amulet)
HPRegen 0.06/turn               (no ring)
MPRegen 0.08/turn               (no ring)

@: weak-willed, constricted
A: no striking features
a: Renounce Religion, Depart the Abyss


You were on level 3 of the Abyss.
You worshipped Lugonu.
Lugonu was aware of your devotion.
You visited 0 branches of the dungeon, and saw 0 of its levels.
You visited the Abyss 1 time.

You collected 29 gold pieces.

Inventory:

Hand Weapons
 a - a +1 falchion (weapon)
Armour
 b - a +0 leather armour (worn)
Scrolls
 e - a scroll of immolation


   Skills:
 + Level 3.0 Fighting
 + Level 1.7 Long Blades
 + Level 1.7 Armour
 + Level 0.8 Dodging
 + Level 2.4 Invocations


You couldn't memorise any spells.
You didn't know any spells.
Your spell library was empty.

Dungeon Overview and Level Annotations

Branches:
Dungeon (0/15)

Altars:


Message History

It was a scroll of fear.
There is a gateway leading deeper into the Abyss here.
You plunge deeper into the Abyss.
The abyssal rune of Zot can be found at this depth.
Found a leather armour.
As you read the scroll labelled TEESYA OPUINE, it crumbles to dust.
Magic quickly surges around you.
It was a scroll of vulnerability.
Found a quarterstaff.
Your magical contamination has completely faded away.
Found a gateway leading deeper into the Abyss.
A tentacled starspawn comes into view.
A starspawn tentacle comes into view.
A tentacle flies out from the starspawn's body!
A starspawn tentacle comes into view.
A starspawn tentacle comes into view.
The starspawn tentacle grabs you. The starspawn tentacle constricts you.
The starspawn tentacle's grasp on you weakens, but your attempt to escape fails.
The starspawn tentacle loses its grip on you.
The tentacle pulls you backwards!
A starspawn tentacle segment comes into view.
The starspawn tentacle grabs you. The starspawn tentacle constricts you.
The starspawn tentacle's grasp on you weakens, but your attempt to escape fails.
The starspawn tentacle constricts you.
The starspawn tentacle's grasp on you weakens, but your attempt to escape fails.
The starspawn tentacle constricts you.
A starspawn tentacle segment comes into view.
You escape the starspawn tentacle's grasp.
A starspawn tentacle segment comes into view.
The starspawn tentacle misses you.
A starspawn tentacle segment comes into view.
There is a gateway leading deeper into the Abyss here.
The starspawn tentacle grabs you.
You stop descending the stairs.
The starspawn tentacle constricts you.
* * * LOW HITPOINT WARNING * * *
The starspawn tentacle's grasp on you weakens, but your attempt to escape fails.
The tentacled starspawn bites you.
* * * LOW HITPOINT WARNING * * *
The tentacled starspawn tentacle-slaps you!
Ouch! That really hurt!
You die...

≈≈ ≈ ≈≈≈≈≈≈≈≈≈....... ..
≈≈≈≈≈≈≈≈≈.≈.≈##.....#...
≈≈≈#≈ ≈#≈≈≈≈........#..
≈ ≈≈≈≈≈≈≈≈≈.....!.....#.
≈≈≈≈≈≈≈≈≈≈≈8...?....#..#
≈≈#≈≈≈≈≈#≈#...#.......#.
#≈.≈≈≈≈.≈≈.............#
#. .# .........w@.......
.#. ...#.......X....###
.... #.#.#....#...#.#
..... # #..........# #
#.. ......#..#$..##
#####..#.#........# .#.
. .. ..........#
..................##
...# .............#


You could see a tentacled starspawn and a starspawn tentacle.

Vanquished Creatures (others)
  3 starspawn tentacles (Abyss:3)
3 creatures vanquished.

Notes
Turn   | Place    | Note
-------+----------+-------------------------------------------
     0 | Abyss:1  | meatgazer the Demonspawn Abyssal Knight began the quest for
                  | the Orb.
     0 | Abyss:1  | Reached XP level 1. HP: 18/18 MP: 2/2
    17 | Abyss:2  | Found a corrupted altar of Lugonu.
    67 | Abyss:2  | Noticed a smoke demon
    97 | Abyss:3  | Noticed a tentacled starspawn
   108 | Abyss:3  | Mangled by a tentacled starspawn

Illustrated notes

Levels and vault maps discovered:
Abyss:3:  base: Temple, nicolae_abyss_rune_left_handed

Action                   || total
-------------------------++-------
  Use: Scroll            ||     3
Dodge: Dodged            ||     1

Table legend: (Time is in decaauts)
 A = Elapsed time spent in this place.
 B = Non-inter-level travel time spent in this place.
 C = Inter-level travel time spent in this place.
 D = Time resting spent in this place.
 E = Time spent auto-exploring this place.
 F = Levels seen in this place.
 G = Mean time per level.
                   A        B        C        D        E       F      G
               +--------+--------+--------+--------+--------+-----+--------+
         Total |    108 |    108 |      0 |      0 |     38 |   3 |   36.0 |
         Abyss |    108 |    108 |      0 |      0 |     38 |   3 |   36.0 |
               +--------+--------+--------+--------+--------+-----+--------+

Top non-repeatable levels by time:
 Abyss:2: 61 daAuts
 Abyss:3: 28 daAuts
 Abyss:1: 17 daAuts
